SAA
PROVIDENCE PILGRIMS @ TOLEDO SABOTEURS
07/14/2042
 
TOP OF THE 1ST
Providence Pilgrims batting - Pitching for Toledo Saboteurs : RHP Tony Ruvenacht
Pitching: RHP Tony Ruvenacht
Batting: LHB David Davis 0-0: Ball
1-0: Swinging Strike
1-1: Foul Ball, location: 2F
1-2: Ground out 6-3 (Groundball, 6, EV 100.0 MPH)
Batting: RHB Carlos González 0-0: Called Strike
0-1: Foul Ball, location: 2F
0-2: Fly out, F8 (Flyball, 8LXD, EV 89.4 MPH)
Batting: LHB César Valtez 0-0: Ball
1-0: Foul Ball, location: 2F
1-1: Foul Ball, location: 2F
1-2: Ball
2-2: Foul Ball, location: 2F
2-2: Foul Ball, location: 2F
2-2: Foul Ball, location: 2F
2-2: Foul Ball, location: 2F
2-2: Ball
3-2: Strikes out swinging
Top of the 1st over - 0 runs, 0 hits, 0 errors, 0 left on base; Providence 0 - Toledo 0
BOTTOM OF THE 1ST
Toledo Saboteurs batting - Pitching for Providence Pilgrims : RHP Jorge García
Pitching: RHP Jorge García
Batting: LHB Gwang-soo Deungjeong 0-0: Swinging Strike
0-1: Ball
1-1: Called Strike
1-2: Ball
2-2: Foul Ball, location: 2F
2-2: Foul Ball, location: 2F
2-2: Ball
3-2: Strikes out swinging
Batting: LHB Doug Pollock 0-0: Bunt missed!
0-1: Foul Ball, location: 2F
0-2: Foul Ball, location: 2F
0-2: Foul Ball, location: 2F
0-2: SINGLE (Line Drive, 5D, EV 95.0 MPH)
Batting: RHB Niek Bendt 0-0: Called Strike
0-1: Fly out, F8 (Line Drive, 8LM, EV 93.1 MPH)
Batting: LHB Xavier Petit 0-0: Called Strike
0-1: Ball
Doug Pollock is caught stealing 2nd base 2-6
Bottom of the 1st over - 0 runs, 1 hit, 0 errors, 0 left on base; Providence 0 - Toledo 0
TOP OF THE 2ND
Providence Pilgrims batting - Pitching for Toledo Saboteurs : RHP Tony Ruvenacht
Batting: RHB Gabriel Méndez 0-0: Called Strike
0-1: Ball
1-1: Ball
2-1: Called Strike
2-2: Foul Ball, location: 2F
2-2: Foul Ball, location: 2F
2-2: Ball
3-2: SINGLE (Groundball, 56D, EV 102.5 MPH)
Batting: RHB Chris Hall 0-0: Ball
1-0: Fly out, F8 (Line Drive, 8LD, EV 91.2 MPH)
Batting: RHB Allen Kelley 0-0: Ball
1-0: Foul Ball, location: 2F
1-1: Called Strike
1-2: Ball
2-2: Ball
3-2: Strikes out swinging
Batting: RHB Julián Vélez 0-0: Ball
1-0: Ball
2-0: Foul Ball, location: 2F
2-1: Called Strike
2-2: Foul Ball, location: 2F
2-2: Ball
3-2: Fly out, F8 (Line Drive, 8RD, EV 90.0 MPH)
Top of the 2nd over - 0 runs, 1 hit, 0 errors, 1 left on base; Providence 0 - Toledo 0
BOTTOM OF THE 2ND
Toledo Saboteurs batting - Pitching for Providence Pilgrims : RHP Jorge García
Batting: LHB Xavier Petit 0-0: Called Strike
0-1: Ball
1-1: SINGLE (Line Drive, 9S, EV 107.5 MPH)
Batting: SHB Manuel Ortíz 0-0: Grounds into double play, 4-6-3 (Groundball, 4, EV 81.2 MPH)
Batting: SHB Ralph Titus 0-0: Ball
1-0: Foul Ball, location: 2F
1-1: Called Strike
1-2: Ball
2-2: SOLO HOME RUN (Flyball, 9D, EV 89.4 MPH), Distance : 365 ft
Batting: RHB Coy MacKey 0-0: Foul Ball, location: 2F
0-1: Called Strike
0-2: Ball
1-2: Ball
2-2: Foul Ball, location: 2F
2-2: Ground out 6-3 (Groundball, 6, EV 78.1 MPH)
Bottom of the 2nd over - 1 run, 2 hits, 0 errors, 0 left on base; Providence 0 - Toledo 1
TOP OF THE 3RD
Providence Pilgrims batting - Pitching for Toledo Saboteurs : RHP Tony Ruvenacht
Batting: RHB Bill Blair 0-0: SINGLE (Groundball, 6MD, EV 96.2 MPH)
Batting: RHB Jesse McCoy 0-0: Called Strike
0-1: Grounds into double play, 1-6-3 (Groundball, 13, EV 75.0 MPH)
Batting: LHB David Davis 0-0: Ball
1-0: Called Strike
1-1: Ball
2-1: Foul Ball, location: 2F
2-2: Ball
3-2: Base on Balls
Batting: RHB Carlos González 0-0: Ball
1-0: Ball
David Davis is caught stealing 2nd base 2-4
Top of the 3rd over - 0 runs, 1 hit, 0 errors, 0 left on base; Providence 0 - Toledo 1
BOTTOM OF THE 3RD
Toledo Saboteurs batting - Pitching for Providence Pilgrims : RHP Jorge García
Batting: LHB Xie-li Shiu 0-0: Ball
1-0: Ball
2-0: Ground out 4-3 (Groundball, 34, EV 103.1 MPH)
Batting: RHB Ron Ficco 0-0: Called Strike
0-1: Ball
1-1: Foul Ball, location: 2F
1-2: DOUBLE (Line Drive, 7LD, EV 110.6 MPH)
Batting: LHB Gwang-soo Deungjeong 0-0: Called Strike
0-1: SINGLE (Flyball, 7LS, EV 88.8 MPH)
Ron Ficco to third
Batting: LHB Doug Pollock 0-0: Called Strike
0-1: Ball
1-1: Foul Ball, location: 2F
1-2: SINGLE (Groundball, 34, EV 81.9 MPH) (infield hit)
Ron Ficco scores
Gwang-soo Deungjeong to second
Batting: RHB Niek Bendt 0-0: Called Strike
0-1: Called Strike
0-2: Ground out 6-3 (Groundball, 6, EV 91.9 MPH)
Gwang-soo Deungjeong to third
Doug Pollock to second
Batting: LHB Xavier Petit 0-0: Ball
1-0: Called Strike
1-1: Reached on error, E1 (Groundball, 25, EV 80.6 MPH)
Gwang-soo Deungjeong scores
Doug Pollock to third
Batting: SHB Manuel Ortíz 0-0: Swinging Strike
0-1: Ball
1-1: Foul Ball, location: 2F
1-2: SINGLE (Line Drive, 8RS, EV 90.6 MPH)
Doug Pollock scores
Xavier Petit to second
Batting: SHB Ralph Titus 0-0: Ground out 1-3 (Groundball, P, EV 83.8 MPH)
Bottom of the 3rd over - 3 runs, 4 hits, 1 error, 2 left on base; Providence 0 - Toledo 4
TOP OF THE 4TH
Providence Pilgrims batting - Pitching for Toledo Saboteurs : RHP Tony Ruvenacht
Batting: RHB Carlos González 0-0: Ball
1-0: Swinging Strike
1-1: Foul Ball, location: 2F
1-2: Ball
2-2: Ball
3-2: Foul Ball, location: 2F
3-2: SINGLE (Line Drive, 6M, EV 102.5 MPH)
Batting: LHB César Valtez 0-0: Called Strike
0-1: Ball
1-1: Ball
2-1: Foul Ball, location: 2F
2-2: Ball
3-2: Foul Ball, location: 2F
3-2: Base on Balls
Carlos González to second
Batting: RHB Gabriel Méndez 0-0: Called Strike
0-1: Ball
1-1: Ball
2-1: Foul Ball, location: 2F
2-2: Ball
3-2: Foul Ball, location: 2F
3-2: Foul Ball, location: 2F
3-2: Fly out, F7 (Flyball, 7D, EV 104.4 MPH)
Batting: RHB Chris Hall 0-0: Ball
Carlos González steals 3rd base
1-0: Fly out, F8 (Flyball, 8LS, EV 90.0 MPH)
Batting: RHB Allen Kelley 0-0: Foul Ball, location: 2F
0-1: Ball
1-1: Ball
2-1: Ball
3-1: Base on Balls
César Valtez to second
Batting: RHB Julián Vélez 0-0: Ball
1-0: Fielders Choice at 2nd, 5-4 (Groundball, 56, EV 83.8 MPH)
Top of the 4th over - 0 runs, 1 hit, 0 errors, 3 left on base; Providence 0 - Toledo 4
BOTTOM OF THE 4TH
Toledo Saboteurs batting - Pitching for Providence Pilgrims : RHP Jorge García
Batting: RHB Coy MacKey 0-0: Ball
1-0: Called Strike
1-1: Called Strike
1-2: Ground out 6-3 (Groundball, 6MS, EV 68.8 MPH)
Batting: LHB Xie-li Shiu 0-0: Ball
1-0: Called Strike
1-1: Foul Ball, location: 2F
1-2: DOUBLE (Line Drive, 8LXD, EV 109.4 MPH)
Batting: RHB Ron Ficco 0-0: Called Strike
0-1: Ball
1-1: Ball
2-1: Called Strike
2-2: 2-RUN HOME RUN (Flyball, 7D, EV 107.5 MPH), Distance : 355 ft
Pitching: RHP Elvis King
Batting: LHB Gwang-soo Deungjeong 0-0: SINGLE (Groundball, 4MD, EV 97.5 MPH)
Batting: LHB Doug Pollock 0-0: Ball
Wild Pitch!
Gwang-soo Deungjeong to second
1-0: Ball
2-0: Ground out 5-3 (Groundball, 5, EV 99.4 MPH)
Batting: RHB Niek Bendt 0-0: Ball
1-0: Called Strike
1-1: Ball
2-1: Ball
3-1: Base on Balls
Batting: LHB Xavier Petit 0-0: SINGLE (Line Drive, 7S, EV 111.2 MPH)
Gwang-soo Deungjeong to third
Niek Bendt to second
Runner from 3rd tries for Home, SAFE, no throw by LF
Batting: SHB Manuel Ortíz 0-0: Foul Ball, location: 2F
0-1: Ball
1-1: Ball
2-1: DOUBLE (Line Drive, 7LM, EV 106.2 MPH)
Niek Bendt scores
Xavier Petit to third
Runner from 3rd tries for Home, SAFE, throw by LF to home
Batting: SHB Ralph Titus 0-0: Called Strike
0-1: Foul Ball, location: 2F
0-2: Ball
1-2: Fly out, F5 (Popup, 56S, EV 71.2 MPH)
Bottom of the 4th over - 5 runs, 5 hits, 0 errors, 1 left on base; Providence 0 - Toledo 9
TOP OF THE 5TH
Providence Pilgrims batting - Pitching for Toledo Saboteurs : RHP Tony Ruvenacht
Batting: RHB Bill Blair 0-0: Ball
1-0: Fly out, F7 (Flyball, 7D, EV 100.0 MPH)
Batting: RHB Jesse McCoy 0-0: Ball
1-0: Ball
2-0: Called Strike
2-1: Ball
3-1: Swinging Strike
3-2: Foul Ball, location: 2F
3-2: Foul Ball, location: 2F
3-2: Strikes out looking
Batting: LHB David Davis 0-0: Foul Ball, location: 2F
0-1: Foul Ball, location: 2F
0-2: Strikes out swinging
Top of the 5th over - 0 runs, 0 hits, 0 errors, 0 left on base; Providence 0 - Toledo 9
BOTTOM OF THE 5TH
Toledo Saboteurs batting - Pitching for Providence Pilgrims : RHP Elvis King
Batting: RHB Coy MacKey 0-0: Called Strike
0-1: Ball
1-1: Fly out, F9 (Flyball, 9S, EV 97.5 MPH)
Batting: LHB Xie-li Shiu 0-0: Ball
1-0: Foul Ball, location: 2F
1-1: Swinging Strike
1-2: Foul Ball, location: 2F
1-2: Ball
2-2: Foul Ball, location: 2F
2-2: Foul Ball, location: 2F
2-2: Ground out 6-3 (Groundball, 6M, EV 81.9 MPH)
Batting: RHB Ron Ficco 0-0: Called Strike
0-1: Ball
1-1: Fly out, F8 (Line Drive, 8RD, EV 98.1 MPH)
Bottom of the 5th over - 0 runs, 0 hits, 0 errors, 0 left on base; Providence 0 - Toledo 9
TOP OF THE 6TH
Providence Pilgrims batting - Pitching for Toledo Saboteurs : RHP Tony Ruvenacht
Batting: RHB Carlos González 0-0: Ball
1-0: Foul Ball, location: 2F
1-1: Ball
2-1: Foul Ball, location: 2F
2-2: Foul Ball, location: 2F
2-2: Fly out, F8 (Flyball, 8LS, EV 87.5 MPH)
Batting: LHB César Valtez 0-0: Foul Ball, location: 2F
0-1: Ground out 2-3 (Groundball, 2L, EV 63.1 MPH)
Batting: RHB Gabriel Méndez 0-0: Ball
1-0: Ground out 6-3 (Groundball, 6, EV 106.9 MPH)
Top of the 6th over - 0 runs, 0 hits, 0 errors, 0 left on base; Providence 0 - Toledo 9
BOTTOM OF THE 6TH
Toledo Saboteurs batting - Pitching for Providence Pilgrims : RHP Elvis King
Batting: LHB Gwang-soo Deungjeong 0-0: Called Strike
0-1: Called Strike
0-2: SINGLE (Line Drive, 34, EV 94.4 MPH)
Batting: LHB Doug Pollock 0-0: Fielders Choice at 2nd, 3-6 (Groundball, 34, EV 88.1 MPH)
Batting: RHB Niek Bendt 0-0: Fly out, F7 (Flyball, 78S, EV 88.8 MPH)
Batting: LHB Xavier Petit 0-0: Ball
1-0: Called Strike
1-1: 2-RUN HOME RUN (Flyball, 9LD, EV 107.5 MPH), Distance : 339 ft
Batting: SHB Manuel Ortíz 0-0: Called Strike
0-1: Ball
1-1: Ball
2-1: Ball
3-1: Foul Ball, location: 2F
3-2: Ground out 5-3 (Groundball, 5, EV 103.1 MPH)
Bottom of the 6th over - 2 runs, 2 hits, 0 errors, 0 left on base; Providence 0 - Toledo 11
TOP OF THE 7TH
Providence Pilgrims batting - Pitching for Toledo Saboteurs : RHP Tony Ruvenacht
Batting: RHB Chris Hall 0-0: Ball
1-0: Called Strike
1-1: Called Strike
1-2: Ball
2-2: Ball
3-2: SINGLE (Line Drive, 8LS, EV 92.5 MPH)
Pitching: LHP Pat Jarvis
Batting: RHB Allen Kelley 0-0: Ball
1-0: Ball
2-0: Foul Ball, location: 2F
2-1: Called Strike
2-2: Strikes out swinging
Batting: RHB Julián Vélez 0-0: Swinging Strike
0-1: Ball
Wild Pitch!
Chris Hall to second
1-1: Ball
2-1: Foul Ball, location: 2F
2-2: Strikes out looking
Batting: RHB Bill Blair 0-0: Swinging Strike
0-1: Swinging Strike
0-2: Strikes out swinging
Top of the 7th over - 0 runs, 1 hit, 0 errors, 1 left on base; Providence 0 - Toledo 11
BOTTOM OF THE 7TH
Toledo Saboteurs batting - Pitching for Providence Pilgrims : RHP Elvis King
Batting: SHB Ralph Titus 0-0: Ball
1-0: Fly out, F8 (Flyball, 89D, EV 79.4 MPH)
Batting: RHB Coy MacKey 0-0: Ball
1-0: Called Strike
1-1: Swinging Strike
1-2: Foul Ball, location: 2F
1-2: Foul Ball, location: 2F
1-2: Strikes out swinging
Batting: LHB Xie-li Shiu 0-0: Called Strike
0-1: Ball
1-1: Ball
2-1: Foul Ball, location: 2F
2-2: Fly out, F4 (Popup, 4MD, EV 46.9 MPH)
Bottom of the 7th over - 0 runs, 0 hits, 0 errors, 0 left on base; Providence 0 - Toledo 11
TOP OF THE 8TH
Providence Pilgrims batting - Pitching for Toledo Saboteurs : LHP Pat Jarvis
Batting: RHB Jesse McCoy 0-0: Ground out 5-3 (Groundball, 56, EV 101.2 MPH)
Batting: LHB David Davis 0-0: Ball
1-0: Ball
2-0: Ball
3-0: Base on Balls
Batting: RHB Carlos González 0-0: Ball
1-0: Ball
2-0: Ball
3-0: Called Strike
3-1: Base on Balls
David Davis to second
Batting: LHB César Valtez 0-0: Fielders Choice at 2nd, 1-6 (Groundball, P, EV 91.2 MPH)
David Davis to third
Batting: RHB Gabriel Méndez 0-0: Ball
1-0: Ball
2-0: Foul Ball, location: 2F
2-1: Foul Ball, location: 2F
2-2: Foul Ball, location: 2F
2-2: Strikes out swinging
Top of the 8th over - 0 runs, 0 hits, 0 errors, 2 left on base; Providence 0 - Toledo 11
BOTTOM OF THE 8TH
Toledo Saboteurs batting - Pitching for Providence Pilgrims : RHP Elvis King
Batting: RHB Ron Ficco 0-0: Ball
1-0: Ball
2-0: Ball
3-0: Base on Balls
Batting: LHB Gwang-soo Deungjeong 0-0: DOUBLE (Line Drive, 7LM, EV 97.5 MPH)
Ron Ficco to third
Runner from 3rd tries for Home, SAFE, throw by LF to home
Batting: LHB Doug Pollock 0-0: Ball
1-0: Called Strike
1-1: Ground out 5-3 (Groundball, 5, EV 84.4 MPH)
Pitching: RHP Ángel Ibarra
Batting: RHB Niek Bendt 0-0: Called Strike
0-1: Ball
1-1: Ball
2-1: SINGLE (Line Drive, 78S, EV 102.5 MPH)
Gwang-soo Deungjeong to third
Runner from 3rd tries for Home, throw by LF and OUT! 7-2
Niek Bendt to second
Batting: LHB Xavier Petit 0-0: Ball
1-0: Ball
2-0: Foul Ball, location: 2F
2-1: Foul Ball, location: 2F
2-2: Strikes out swinging
Bottom of the 8th over - 1 run, 2 hits, 0 errors, 1 left on base; Providence 0 - Toledo 12
TOP OF THE 9TH
Providence Pilgrims batting - Pitching for Toledo Saboteurs : LHP Pat Jarvis
Batting: RHB Chris Hall 0-0: Ball
1-0: Hit by Pitch
Batting: RHB Allen Kelley 0-0: Ball
1-0: SINGLE (Groundball, 15S, EV 68.8 MPH) (infield hit)
Chris Hall to second
Batting: RHB Julián Vélez 0-0: SINGLE (Flyball, 56D, EV 96.2 MPH)
Chris Hall to third
Allen Kelley to second
Batting: RHB Bill Blair 0-0: Ball
1-0: Called Strike
1-1: Ball
2-1: Ball
3-1: Foul Ball, location: 2F
3-2: Base on Balls
Chris Hall scores
Allen Kelley to third
Julián Vélez to second
Batting: RHB Jesse McCoy 0-0: Called Strike
0-1: Called Strike
0-2: Strikes out swinging
Batting: LHB David Davis 0-0: Ball
1-0: Ball
2-0: Ball
Wild Pitch!
Allen Kelley scores
Julián Vélez to third
Bill Blair to second
3-0: Called Strike
3-1: Foul Ball, location: 2F
3-2: Foul Ball, location: 2F
3-2: Strikes out swinging
Batting: RHB Carlos González 0-0: Ball
1-0: Foul Ball, location: 2F
1-1: Ball
2-1: Called Strike
2-2: Foul Ball, location: 2F
2-2: Foul Ball, location: 2F
2-2: Ball
3-2: Base on Balls
Batting: LHB César Valtez 0-0: Ball
1-0: Ball
2-0: Foul Ball, location: 2F
2-1: Fly out, F9 (Flyball, 9S, EV 87.5 MPH)
Top of the 9th over - 2 runs, 2 hits, 0 errors, 3 left on base; Providence 2 - Toledo 12
Friday, March 26th, 2021 - OOTP Baseball 20.8 Build 74